 Dungeon Crawl Stone Soup version 0.29.1-15-g9cfb28693d (webtiles) character file.

Game seed: 13054957332999637536

4727 hawla the Thaumaturge (level 10, -7/53 HPs)
             Began as a Deep Elf Fire Elementalist on Apr 11, 2023.
             Was a Believer of Vehumet.
             Mangled by a boulder beetle (21 damage)
             ... on level 6 of the Dungeon.
             The game lasted 00:19:01 (8654 turns).

hawla the Thaumaturge (Deep Elf Fire Elementalist)  Turns: 8654, Time: 00:19:02

Health: -7/53      AC:  7    Str: 13    XL:     10   Next: 22%
Magic:  27/27      EV: 13    Int: 23    God:    Vehumet [**....]
Gold:   350        SH:  0    Dex: 15    Spells: 24/32 levels left

rFire   . . .      SeeInvis .   d - +2 dagger (holy)
rCold   + . .      Faith    .   (no shield)
rNeg    . . .      Spirit   .   u - +2 robe {rC+}
rPois   .          Reflect  .   q - +1 helmet
rElec   .          Harm     .   (no cloak)
rCorr   .          Rampage  .   h - +0 pair of gloves
Will    .....                   (no boots)
Stlth   +.........              (no amulet)
HPRegen 0.17/turn               i - +6 ring of strength
MPRegen 0.20/turn               (no ring)

@: confused, weak-willed, ambrosia-drunk
A: no striking features
a: Renounce Religion


You were on level 6 of the Dungeon.
You worshipped Vehumet.
Vehumet was pleased with you.
You visited 2 branches of the dungeon, and saw 8 of its levels.
You also visited: Sewer and Bailey.

You collected 350 gold pieces.

Inventory:

Hand Weapons
 d - a +2 dagger of holy wrath (weapon)
 l - a +0 quarterstaff
Armour
 c - the +5 swamp dragon scales of Makhleb's Generosity {rPois rN+ Dex+2}
   (You found it in a bailey)

   Dex:       It affects your dexterity (+2).
   rPois:     It protects you from poison.
   rN:        It protects you from negative energy.
 h - a +0 pair of gloves (worn)
 q - a +1 helmet (worn)
 u - a +2 robe of cold resistance (worn)
Jewellery
 i - a +6 ring of strength (left hand)
 k - a +4 ring of evasion
Wands
 g - a wand of roots (19) (quivered)
 v - a wand of acid (12)
Scrolls
 a - 3 scrolls of identify
Potions
 b - 5 potions of magic
 f - 5 potions of resistance
 j - a potion of flight
 m - 3 potions of curing
 n - a potion of invisibility {unknown}
 o - a potion of cancellation
 p - 2 potions of brilliance
 r - a potion of mutation {unknown}
 s - a potion of might {unknown}


   Skills:
 + Level 1.9 Fighting
 + Level 2.1 Short Blades
 + Level 4.1 Dodging
 - Level 3.1 Stealth
 + Level 11.9 Spellcasting
 + Level 6.7 Conjurations
 + Level 10.2 Fire Magic
 + Level 3.0 Evocations


You had 24 spell levels left.
You knew the following spells:

 Your Spells              Type           Power      Damage    Failure   Level
a - Foxfire               Conj/Fire      100%       2x1d9     1%          1
b - Scorch                Fire           100%       2d10      1%          2
c - Flame Wave            Conj/Fire      51%        2d13      1%          4
d - Apportation           Tloc           26%        N/A       4%          1

Your spell library contained the following spells:

 Spells                   Type           Power      Damage    Failure   Level
 Searing Ray              Conj           88%        2d7       1%          2
 Magic Dart               Conj           100%       1d8       1%          1
 Conjure Flame            Conj/Fire      51%        6-21      1%          3
 Inner Flame              Hex/Fire       37%        N/A       1%          3
 Mephitic Cloud           Conj/Pois/Air  24%        N/A       5%          3
 Call Imp                 Summ           13%        N/A       7%          2
 Portal Projectile        Hex/Tloc       26%        N/A       14%         3
 Tukima's Dance           Hex            13%        N/A       14%         3
 Alistair's Intoxication  Tmut/Pois      8%         N/A       78%         5
 Blade Hands              Tmut           6%         N/A       78%         5


Dungeon Overview and Level Annotations

Branches:
Dungeon (7/15)             Temple (1/1) D:5           Sewer (visited)
 Bailey (visited)

Altars:
Ashenzari
Cheibriados
Dithmenos
Elyvilon
Fedhas
Gozag
Hepliaklqana
Kikubaaqudgha
Makhleb
Nemelex Xobeh
Okawaru
Qazlal
Ru
Sif Muna
Trog
Uskayaw
Vehumet
Wu Jian
Xom
Yredelemnul
Zin
The Shining One

Annotations:
D:4 dig the scroll


Message History

The howler monkey zombie is almost destroyed.
The howler monkey zombie hits you.
You hit the howler monkey zombie.
You destroy the howler monkey zombie!
Vehumet accepts your kill.
Your life force feels restored.
No target in view!
A killer bee zombie comes into view.
You see here a necrophage corpse.
The boulder beetle leaps!
As you read the scroll labelled LOEZUR AXZE, it crumbles to dust.
Magic quickly surges around you.
It was a scroll of vulnerability.
The boulder beetle closely misses you.
Okay, then.
Okay, then.
Aiming: Corrosive Bolt
Press: ? - help, Shift-Dir - straight line, f - killer bee zombie
Aim: a killer bee zombie (weak-willed, 64% to hit)
The bolt of acid hits the killer bee zombie!!
The acid corrodes the killer bee zombie!
The killer bee zombie is almost destroyed.
The killer bee zombie hits you. x2; The boulder beetle barely misses you.
Aiming: Corrosive Bolt
Press: ? - help, Shift-Dir - straight line, f - boulder beetle, p - killer bee zombie
Aim: a boulder beetle (weak-willed, 100% to hit)
The bolt of acid hits the boulder beetle but does no damage.
The killer bee zombie completely misses you.
The killer bee zombie closely misses you.
The boulder beetle bites you!
* * * LOW HITPOINT WARNING * * *
Unknown command.
Okay, then.
Okay, then.
You are confused.
You feel invigorated.
The killer bee zombie completely misses you.
The killer bee zombie hits you.
* * * LOW HITPOINT WARNING * * *
The boulder beetle bites you!!
You die...

...... # ...... # ....... #
#####........ ## #
#............#######. #
####......# ####........ #####
#.........#....#........ ....#
#.......Z...##.#.....##' ....#
#..†...@B...##.'.....#..
....######...........####.....#.8
...)'....'.)............'.....###
....######........##.###.........
.....# #.'........##.##..#####...
.....# #.#...........##.##....###
.....###.#.......###..........#..
.....#...#.......# #.............
##'###.###.......# #.#........#..


You could see a boulder beetle (weak-willed) and a killer bee zombie
(weak-willed, corroded).

Vanquished Creatures
  A cyclops (D:6)
  The ghost of Ihaveafatcat the Shield-Bearer, a novice MiFi (D:6)
  Joseph (D:7)
  A gargoyle (Bailey)
  Prince Ribbit (D:6)
  Sigmund (D:2)
  A vampire (Bailey)
  A wraith (D:6)
  A yak (D:6)
  An ice beast (D:6)
  An ogre (D:5)
  7 kobold brigands (Sewer)
  4 scorpions
  A necrophage (D:6)
  5 wights (D:6)
  7 vampire bats (Bailey)
  8 wolf zombies (Bailey)
  2 howler monkeys
  2 jellies
  A bullfrog zombie (D:6)
  2 hounds
  4 orc priests
  Terence (D:2)
  3 orc wizards
  A howler monkey zombie (D:6)
  14 adders
  3 gnolls (D:3)
  A river rat (Sewer)
  A shadow imp (D:6)
  An ufetubus (D:6)
  5 worms
  2 dart slugs
  18 orcs
  2 ball pythons (Sewer)
  14 endoplasms
  3 giant cockroaches (D:3)
  10 goblins
  6 hobgoblins
  3 jackals (D:1)
  5 quokkas
  5 bats
  6 frilled lizards
  10 kobolds
  21 orc zombies (Bailey)
  11 rats
200 creatures vanquished.

Vanquished Creatures (others)
  2 bushes (D:6)
  249 foxfires
  13 plants (D:6)
264 creatures vanquished.

Grand Total: 464 creatures vanquished

Notes
Turn   | Place    | Note
-------+----------+-------------------------------------------
     0 | D:1      | hawla the Deep Elf Fire Elementalist began the quest for
                  | the Orb.
     0 | D:1      | Reached XP level 1. HP: 10/10 MP: 6/6
   205 | D:1      | Reached XP level 2. HP: 9/15 MP: 5/8
   208 | D:1      | Learned a level 2 spell: Scorch
   872 | D:1      | Found a faded altar of an unknown god.
   919 | D:2      | You fall into a shaft and drop 2 floors!
   977 | D:3      | Reached XP level 3. HP: 19/19 MP: 6/9
  1037 | D:3      | Found a glowing drain.
  1068 | Sewer    | Entered a sewer
  1133 | Sewer    | Noticed a kobold brigand
  1140 | Sewer    | Killed a kobold brigand
  1141 | Sewer    | Reached skill level 4 in Spellcasting
  1141 | Sewer    | Reached XP level 4. HP: 21/24 MP: 2/12
  1146 | Sewer    | Learned a level 4 spell: Flame Wave
  1307 | Sewer    | Noticed a kobold brigand
  1314 | Sewer    | Reached XP level 5. HP: 17/28 MP: 9/13
  1480 | Sewer    | Reached XP level 6. HP: 21/32 MP: 5/14
  1715 | Sewer    | Reached skill level 5 in Fire Magic
  1916 | Sewer    | Reached skill level 5 in Spellcasting
  2286 | Sewer    | Reached XP level 7. HP: 28/36 MP: 9/17
  2433 | Sewer    | Reached skill level 5 in Conjurations
  2490 | D:2      | Noticed Sigmund
  2494 | D:2      | Killed Sigmund
  2495 | D:2      | Reached skill level 6 in Spellcasting
  2953 | D:2      | Noticed Terence
  2957 | D:2      | Killed Terence
  3300 | D:3      | Found a burning altar of Makhleb.
  3471 | D:3      | Reached skill level 7 in Spellcasting
  3504 | D:3      | Found an ornate altar of the Wu Jian Council.
  3908 | D:4      | Reached skill level 1 in Short Blades
  4145 | D:4      | Reached XP level 8. HP: 25/42 MP: 9/21
  4881 | D:5      | Entered Level 5 of the Dungeon
  5039 | D:5      | Reached skill level 1 in Fighting
  5129 | D:5      | Reached skill level 8 in Spellcasting
  5229 | D:5      | Found a staircase to the Ecumenical Temple.
  5249 | Temple   | Entered the Ecumenical Temple
  5419 | Temple   | Became a worshipper of Vehumet
  5962 | D:6      | Noticed Prince Ribbit
  5988 | D:6      | Killed Prince Ribbit
  5989 | D:6      | Reached skill level 9 in Spellcasting
  5989 | D:6      | Reached XP level 9. HP: 37/47 MP: 0/24
  6120 | D:6      | Found a blossoming altar of Fedhas.
  6191 | D:6      | Found a sparkling altar of Nemelex Xobeh.
  6208 | D:6      | Found a sacrificial altar of Ru.
  6370 | D:6      | Noticed a boulder beetle
  6406 | D:7      | Noticed Joseph
  6416 | D:7      | Killed Joseph
  6417 | D:7      | Reached skill level 10 in Spellcasting
  6659 | D:7      | Learned a level 1 spell: Apportation
  6674 | D:7      | Found a flagged portal.
  6681 | Bailey   | Entered a bailey
  6751 | Bailey   | Reached * piety under Vehumet
  6751 | Bailey   | Offered knowledge of Shock by Vehumet.
  6889 | Bailey   | Reached skill level 1 in Evocations
  7090 | Bailey   | Noticed a gargoyle
  7095 | Bailey   | Killed a gargoyle
  7096 | Bailey   | Reached skill level 11 in Spellcasting
  7200 | Bailey   | Reached ** piety under Vehumet
  7240 | Bailey   | Found the +6 lightning scales {swift, rElec}
  7281 | Bailey   | Identified the +5 swamp dragon scales of Makhleb's
                  | Generosity {rPois rN+ Dex+2}
  7514 | Bailey   | Offered knowledge of Searing Ray by Vehumet.
  7942 | D:6      | Found a runed translucent door.
  7942 | D:6      | Noticed Ihaveafatcat's ghost (novice MiFi)
  7951 | D:6      | Killed Ihaveafatcat's ghost
  7952 | D:6      | Reached XP level 10. HP: 22/53 MP: 17/27
  8137 | D:6      | Found an opulent altar of Gozag.
  8226 | D:6      | Noticed a cyclops
  8232 | D:6      | Killed a cyclops
  8311 | D:6      | Reached skill level 10 in Fire Magic
  8654 | D:6      | Mangled by a boulder beetle

Illustrated notes

Levels and vault maps discovered:
D:1:      minmay_arrival_pointy, layout_rooms,
          hellmonk_ecumenical_altar_leap_of_faith, palyth_stone_intersect
D:2:      layout_rooms, uniq_terence, uniq_sigmund
D:3:      layout_loops_cross, lemuel_round_altar,
          nicolae_wu_jian_immortal_techniques, cheibrodos_sewer_entry_drain,
          minmay_liquid_box
D:4:      layout_rooms, item_on_display_a
D:5:      layout_basic, temple_fountains, grunt_ministairs_3
D:6:      layout_basic, fedhas_altar_decomposition, overflow_temple_1_default,
          grunt_gozag_breadcrumbs, mainiacjoe_overflow_cross_hatched,
          gammafunk_ghost_grave, kb_rosetta, uniq_prince_ribbit1
D:7:      layout_loops_ring, enter_bailey_3, uniq_joseph
Temple:   nicolae_temple_elliptical

Skill      XL: |  1  2  3  4  5  6  7  8  9 10 |
---------------+-------------------------------+-----
Fire Magic     | 4 5 6 8 9 10 | 10.2
Stealth        | 3 |  3.1
Spellcasting   | 4 5 7 9 11 | 11.9
Conjurations   | 2 4 5 6 |  6.7
Dodging        | 3 4 |  4.1
Short Blades   | 1 2 |  2.1
Fighting       | 1 |  1.9
Evocations     | 3 |  3.0

Action                   |  1- 3 |  4- 6 |  7- 9 | 10-12 || total
-------------------------+-------+-------+-------+-------++-------
Melee: Dagger            |    12 |    10 |    94 |    26 ||   142
       Punch             |       |       |     1 |       ||     1
 Cast: Foxfire           |    36 |    12 |    92 |     6 ||   146
       Scorch            |     7 |    23 |    62 |    12 ||   104
       Flame Wave        |       |       |    21 |       ||    21
Evoke: Wand              |       |       |     1 |     2 ||     3
  Use: Scroll            |     4 |       |    13 |     1 ||    18
       Potion            |       |       |     3 |     1 ||     4
 Stab: Sleeping          |     1 |       |     3 |       ||     4
Armor: Robe              |     3 |     4 |    31 |     7 ||    45
       Skin              |       |       |     2 |       ||     2
Dodge: Dodged            |    16 |    18 |    99 |    22 ||   155
